AoeStats
← LE CORBUSIER

Fortress

510648612Analyzed
1v1 RM · 15h ago on Oct 2, 2026· 31m 12s· 2 players
Game mode
Random Map
Map size
Small (3 player)
Population
200
Speed
Normal
Resources
Standard
Victory
Conquest
Starting age
Dark Age
Ending age
Imperial Age
RankedLock teamsTeams togetherTeam positionsShared explorationLock speedFull tech treeHidden civsTurbo modeCheats
Victory
Defeat
🇨🇴 Celts · Colombia
1500
+12
🇹🇷 Berbers · Türkiye
1410
-12
JAGR | DesNoguns
7:38 Feudal Age
11:24 Castle Age
9:46 Double-Bit Axe
9:51 Horse Collar
12:22 Bow Saw
13:58 Loom
24:01 Imperial Age
21:55 Scale Mail Armor
21:56 Loom
22:48 Wheelbarrow
22:09 Town Watch
22:50 Chain Mail Armor
22:44 Gold Mining
22:26 Pikeman
25:17 Plate Mail Armor
25:30 Conscription
25:38 Hand Cart
25:21 Capped Ram
25:59 Arson
28:21 Forging
LE CORBUSIER
6:59 Feudal Age
11:40 Castle Age
10:01 Double-Bit Axe
15:26 Man-at-Arms
16:40 Bow Saw
18:08 Horse Collar
21:04 Heavy Plow
22:38 Stone Mining
22:39 Gold Mining
24:08 Wheelbarrow
26:04 Imperial Age
23:52 Fletching
24:02 Padded Archer Armor
24:49 Stone Shaft Mining
24:54 Gold Shaft Mining
24:22 Loom
24:25 Town Watch
24:49 Kasbah
25:07 Bodkin Arrow
25:13 Padded Archer Armor
25:43 Hand Cart
25:52 Thumb Ring
26:52 Town Patrol
27:22 Bloodlines
27:12 Husbandry
26:33 Light Cavalry
28:20 Bracer
28:36 Leather Archer Armor
Connection lost

Rejoining the realm…

Still unreachable

The connection could not be restored.

Session expired

The server has moved on; the page needs a fresh start.